Jets vs Flames

Created - April 12 2012 at 21:49

Goals
1 2 3 OT1 T
Jets 0 1 0 1 2
Flames 0 1 0 0 1
Shots
1 2 3 OT1 T
Jets 6 10 5 12 33
Flames 18 10 9 6 43

Period #1

No Goal

Penalties :
Shawn Horcoff (CGY) for Tripping (Minor) at 1:48, Nick Schultz (WPG) for Goalie Interference (Minor) at 10:53

Period #2

1. Flames , Ryan Kesler 2 (Mikael Samuelsson, Dan Boyle) at 0:45
2. Jets , Daniel Sedin 1 (Henrik Sedin, Mark Giordano) at 5:10

Penalties :
Niklas Kronwall (CGY) for Slashing (Minor) at 7:12, Nathan Gerbe (WPG) for Holding (Minor) at 11:52, Victor Hedman (WPG) for Cross-checking (Minor) at 12:21, Nick Schultz (WPG) for Interference (Minor) at 19:51

Period #3

No Goal

Penalties :
Cam Fowler (WPG) for Hooking (Minor) at 7:33, Martin Hanzal (WPG) for Holding (Minor) at 14:10, Jaroslav Spacek (WPG) for High sticking (Minor) at 18:37

Overtime #1

3. Jets , Daniel Sedin 2 (Henrik Sedin, Andy McDonald) at 17:44

Penalties :
Dustin Brown (CGY) for Hooking (Minor) at 1:50, John-Michael Liles (CGY) for Hooking (Minor) at 11:12, Mikael Samuelsson (CGY) for Fighting (Major) at 15:43, Mark Giordano (WPG) for Fighting (Major) at 15:43, Brenden Morrow (CGY) for Fighting (Major) at 15:43, Erik Cole (WPG) for Fighting (Major) at 15:43, Niklas Kronwall (CGY) for Fighting (Major) at 15:43, Victor Hedman (WPG) for Fighting (Major) at 15:43, Ryan Kesler (CGY) for Roughing (Minor) at 15:43, Daniel Sedin (WPG) for High sticking (Minor) at 15:43, Dan Boyle (CGY) for Hooking (Minor) at 15:43

Goalie Stats

Ilya Bryzgalov (WPG), 42 saves from 43 shots - (0.977), W, 1-1-0, 77:45 minutes
Tim Thomas (CGY), 31 saves from 33 shots - (0.939), OTL, 1-0-1, 77:45 minutes

Players Stats

Jets
Player Name              G  A  P  +/- PIM S  H  SB FO    MP 
------------------------------------------------------------
Alex Goligoski           0  0  0   0  0   0  1  2  0/0   29 
Andy McDonald            0  1  1   0  0   3  1  1  14/32 23 
Blake Comeau             0  0  0   0  0   0  1  0  0/0   11 
Cam Fowler               0  0  0   0  2   2  2  0  0/0   26 
Clarke MacArthur         0  0  0   0  0   3  2  0  0/0   14 
Dainius Zubrus           0  0  0   1  0   0  2  0  0/1   11 
Daniel Sedin             2  0  2   1  2   5  0  0  0/1   27 
Erik Cole                0  0  0   0  5   1  3  1  0/2   26 
Evan Brophey             0  0  0   1  0   0  1  0  3/9   8  
Henrik Sedin             0  2  2   0  0   5  0  1  9/30  28 
Jaroslav Spacek          0  0  0   0  2   0  4  3  0/0   22 
Mark Giordano            0  1  1   0  5   1  5  2  0/0   29 
Martin Erat              0  0  0   1  0   4  3  0  0/1   18 
Martin Hanzal            0  0  0   0  2   1  1  0  12/27 17 
Nathan Gerbe             0  0  0   0  2   4  0  0  1/1   18 
Nick Schultz             0  0  0   1  4   0  1  1  0/0   21 
Tyler Ennis              0  0  0   0  0   3  0  0  1/3   20 
Victor Hedman            0  0  0   0  7   1  0  1  0/0   25 
Flames
Player Name              G  A  P  +/- PIM S  H  SB FO    MP 
------------------------------------------------------------
Andrew MacDonald         0  0  0   0  0   3  1  0  0/0   27 
Anze Kopitar             0  0  0   0  0   10 1  0  25/42 28 
Brenden Morrow           0  0  0   0  5   6  4  0  0/1   28 
Dan Boyle                0  1  1  -1  2   2  4  1  0/0   28 
Dan Hamhuis              0  0  0   0  0   0  1  2  0/0   21 
David Jones              0  0  0   0  0   2  3  0  0/0   25 
Devin Setoguchi          0  0  0   0  0   0  0  0  2/2   2  
Dustin Brown             0  0  0   0  2   3  3  0  1/2   23 
John-Michael Liles       0  0  0  -1  2   3  1  2  0/0   25 
Michael Grabner          0  0  0   0  0   1  0  0  1/3   23 
Mikael Samuelsson        0  1  1   0  5   0  1  0  0/0   19 
Niklas Kronwall          0  0  0   0  7   4  0  1  0/0   25 
Pierre-Marc Bouchard     0  0  0  -1  0   0  1  0  1/1   21 
Robyn Regehr             0  0  0   0  0   1  0  0  0/0   12 
Ryan Kesler              1  0  1  -1  2   6  1  0  22/34 28 
Shawn Horcoff            0  0  0  -1  2   0  1  0  15/21 21 
Tomas Kopecky            0  0  0   0  0   0  1  0  0/1   4  
Toni Lydman              0  0  0   0  0   2  1  2  0/0   19 

3 Stars

1 - Ilya Bryzgalov (WPG)
2 - Daniel Sedin (WPG)
3 - Tim Thomas (CGY)

Power Play

Jets - 0 on 5 Attempt(s) - 0.00%
Flames - 0 on 7 Attempt(s) - 0.00%

Penalty Kill

Jets - 7 on 7 Attempt(s) - 100.00% - Score 0 goal in Penalty Kill
Flames - 5 on 5 Attempt(s) - 100.00% - Score 0 goal in Penalty Kill

Game Notes

General Fight at 15:43 of 1st overtime period
Mikael Samuelsson and Mark Giordano fight to a draw at 15:43 of 1st overtime period
Brenden Morrow and Erik Cole fight to a draw at 15:43 of 1st overtime period
Victor Hedman beats up Niklas Kronwall at 15:43 of 1st overtime period

Finance

Level 1 -- Attendance: 6500 (100.00%) -- Ticket Income $487,500.00
Level 2 -- Attendance: 5000 (100.00%) -- Ticket Income $250,000.00
Level 3 -- Attendance: 3500 (100.00%) -- Ticket Income $105,000.00
Level 4 -- Attendance: 3137 (95.38%) -- Ticket Income $40,781.00
Luxury Box -- Attendance: 1000 (100.00%) -- Ticket Income $150,000.00
Game was played at the ScotiaBank Saddledome
Total Attendance: 19137 (99.21%)
Total Ticket Income: $1,098,591.00
Other Income: $329,577.34
Total Income: $1,428,168.00


Play by Play

Period #1

0:01 of 1st period - Ryan Kesler wins face-off versus Henrik Sedin in neutral zone.
0:04 of 1st period - Henrik Sedin is hit by Mikael Samuelsson and loses puck.
1:11 of 1st period - Shot by Anze Kopitar.
1:11 of 1st period - Shot Misses the Net.
1:13 of 1st period - Shot by Anze Kopitar.
1:13 of 1st period - Stopped by Ilya Bryzgalov without a rebound.
1:14 of 1st period - Tyler Ennis wins face-off versus Shawn Horcoff in Jets zone.
1:14 of 1st period - Martin Hanzal is hit by Shawn Horcoff and loses puck.
1:48 of 1st period - Minor Penalty to Shawn Horcoff for Tripping.
1:49 of 1st period - Anze Kopitar wins face-off versus Andy McDonald in Flames zone.
2:06 of 1st period - Dan Boyle is hit by Martin Erat and loses puck.
2:17 of 1st period - Shot by Cam Fowler.
2:17 of 1st period - Stopped by Tim Thomas with a rebound.
2:19 of 1st period - Shot by Tyler Ennis.
2:19 of 1st period - Stopped by Tim Thomas without a rebound.
2:20 of 1st period - Henrik Sedin wins face-off versus Brenden Morrow in Flames zone.
2:36 of 1st period - Erik Cole is hit by Dan Hamhuis and loses puck.
2:47 of 1st period - Dan Boyle is hit by Erik Cole.
3:06 of 1st period - Icing by Andy McDonald.
3:07 of 1st period - Andy McDonald wins face-off versus Anze Kopitar in Jets zone.
3:45 of 1st period - Shot by Daniel Sedin.
3:45 of 1st period - Stopped by Tim Thomas without a rebound.
3:46 of 1st period - Anze Kopitar wins face-off versus Erik Cole in Flames zone.
4:42 of 1st period - Icing by Nick Schultz.
4:43 of 1st period - Martin Hanzal wins face-off versus Anze Kopitar in Jets zone.
4:48 of 1st period - Shot by Nathan Gerbe.
4:48 of 1st period - Stopped by Tim Thomas without a rebound.
4:49 of 1st period - Ryan Kesler wins face-off versus Henrik Sedin in Flames zone.
5:06 of 1st period - Shot by Brenden Morrow.
5:06 of 1st period - Stopped by Ilya Bryzgalov with a rebound.
5:08 of 1st period - Shot by Brenden Morrow.
5:08 of 1st period - Shot Misses the Net.
5:12 of 1st period - Shot by Ryan Kesler.
5:12 of 1st period - Shot Blocked by Mark Giordano.
5:16 of 1st period - Shot by Ryan Kesler.
5:16 of 1st period - Stopped by Ilya Bryzgalov with a rebound.
5:18 of 1st period - Shot by Niklas Kronwall.
5:18 of 1st period - Stopped by Ilya Bryzgalov without a rebound.
5:19 of 1st period - Anze Kopitar wins face-off versus Martin Hanzal in Jets zone.
5:26 of 1st period - Shot by Anze Kopitar.
5:26 of 1st period - Stopped by Ilya Bryzgalov without a rebound.
5:27 of 1st period - Andy McDonald wins face-off versus Anze Kopitar in Jets zone.
5:51 of 1st period - Shot by Martin Erat.
5:51 of 1st period - Stopped by Tim Thomas without a rebound.
5:52 of 1st period - Martin Hanzal wins face-off versus Shawn Horcoff in Flames zone.
6:09 of 1st period - Shot by Nathan Gerbe.
6:09 of 1st period - Shot Blocked by John-Michael Liles.
6:57 of 1st period - Shot by Brenden Morrow.
6:57 of 1st period - Stopped by Ilya Bryzgalov with a rebound.
9:11 of 1st period - Icing by Jaroslav Spacek.
9:12 of 1st period - Nathan Gerbe wins face-off versus Ryan Kesler in Jets zone.
9:21 of 1st period - Shot by Nathan Gerbe.
9:21 of 1st period - Stopped by Tim Thomas without a rebound.
9:22 of 1st period - Evan Brophey wins face-off versus Ryan Kesler in Flames zone.
9:25 of 1st period - Shot by Blake Comeau.
9:25 of 1st period - Shot Blocked by Niklas Kronwall.
9:28 of 1st period - Blake Comeau is hit by Dan Boyle and loses puck.
10:20 of 1st period - Icing by Dan Hamhuis.
10:21 of 1st period - Henrik Sedin wins face-off versus Anze Kopitar in Flames zone.
10:37 of 1st period - Shot by Michael Grabner.
10:37 of 1st period - Shot Misses the Net.
10:39 of 1st period - Shot by Toni Lydman.
10:39 of 1st period - Shot Misses the Net.
10:41 of 1st period - Shot by Toni Lydman.
10:41 of 1st period - Shot Misses the Net.
10:45 of 1st period - Shot by Anze Kopitar.
10:45 of 1st period - Stopped by Ilya Bryzgalov without a rebound.
10:46 of 1st period - Shawn Horcoff wins face-off versus Martin Hanzal in Jets zone.
10:46 of 1st period - Shawn Horcoff is hit by Jaroslav Spacek.
10:53 of 1st period - Minor Penalty to Nick Schultz for Goalie Interference.
10:54 of 1st period - Ryan Kesler wins face-off versus Andy McDonald in Jets zone.
11:05 of 1st period - Shot by Andrew MacDonald.
11:05 of 1st period - Stopped by Ilya Bryzgalov with a rebound.
11:07 of 1st period - Shot by Andrew MacDonald.
11:07 of 1st period - Stopped by Ilya Bryzgalov without a rebound.
11:08 of 1st period - Anze Kopitar wins face-off versus Henrik Sedin in Jets zone.
11:21 of 1st period - Shot by Dan Boyle.
11:21 of 1st period - Shot Blocked by Victor Hedman.
11:27 of 1st period - Shot by Dan Boyle.
11:27 of 1st period - Shot Misses the Net.
11:29 of 1st period - Shot by Niklas Kronwall.
11:29 of 1st period - Stopped by Ilya Bryzgalov without a rebound.
11:30 of 1st period - Ryan Kesler wins face-off versus Andy McDonald in Jets zone.
11:31 of 1st period - Shot by Brenden Morrow.
11:31 of 1st period - Shot Misses the Net.
11:35 of 1st period - Shot by David Jones.
11:35 of 1st period - Deflect By Ryan Kesler.
11:35 of 1st period - Shot Hit the Post.
11:37 of 1st period - Shot by Ryan Kesler.
11:37 of 1st period - Stopped by Ilya Bryzgalov with a rebound.
11:41 of 1st period - Shot by Ryan Kesler.
11:41 of 1st period - Shot Misses the Net.
11:43 of 1st period - Shot by Brenden Morrow.
11:43 of 1st period - Shot Misses the Net.
11:45 of 1st period - Shot by John-Michael Liles.
11:45 of 1st period - Shot Blocked by Jaroslav Spacek.
12:21 of 1st period - Off-side.
12:22 of 1st period - Anze Kopitar wins face-off versus Andy McDonald in neutral zone.
12:35 of 1st period - Shot by Dan Boyle.
12:35 of 1st period - Stopped by Ilya Bryzgalov with a rebound.
12:39 of 1st period - Shot by Dustin Brown.
12:39 of 1st period - Stopped by Ilya Bryzgalov with a rebound.
12:43 of 1st period - Shot by Anze Kopitar.
12:43 of 1st period - Deflect By Michael Grabner.
12:43 of 1st period - Shot Hit the Post.
12:47 of 1st period - Shot by Dan Boyle.
12:47 of 1st period - Stopped by Ilya Bryzgalov without a rebound.
12:48 of 1st period - Dustin Brown wins face-off versus Henrik Sedin in Jets zone.
12:49 of 1st period - Shot by Dan Boyle.
12:49 of 1st period - Deflect By Anze Kopitar.
12:49 of 1st period - Stopped by Ilya Bryzgalov without a rebound.
12:50 of 1st period - Anze Kopitar wins face-off versus Erik Cole in Jets zone.
12:51 of 1st period - Shot by Niklas Kronwall.
12:51 of 1st period - Stopped by Ilya Bryzgalov without a rebound.
12:52 of 1st period - Anze Kopitar wins face-off versus Henrik Sedin in Jets zone.
13:00 of 1st period - Off-side.
13:01 of 1st period - Shawn Horcoff wins face-off versus Martin Hanzal in neutral zone.
13:21 of 1st period - Nathan Gerbe is hit by David Jones and loses puck.
14:08 of 1st period - Shot by Erik Cole.
14:08 of 1st period - Shot Blocked by Toni Lydman.
15:11 of 1st period - Brenden Morrow is hit by Clarke MacArthur and loses puck.
16:35 of 1st period - Shot by Dustin Brown.
16:35 of 1st period - Shot Misses the Net.
16:39 of 1st period - Shot by Anze Kopitar.
16:39 of 1st period - Stopped by Ilya Bryzgalov with a rebound.
16:43 of 1st period - Shot by Dan Hamhuis.
16:43 of 1st period - Shot Misses the Net.
16:51 of 1st period - Shot by Anze Kopitar.
16:51 of 1st period - Stopped by Ilya Bryzgalov without a rebound.
16:52 of 1st period - Anze Kopitar wins face-off versus Evan Brophey in Jets zone.
17:26 of 1st period - Icing by Michael Grabner.
17:27 of 1st period - Martin Hanzal wins face-off versus Anze Kopitar in Flames zone.
17:53 of 1st period - Tyler Ennis is hit by Brenden Morrow and loses puck.
18:17 of 1st period - Shot by Ryan Kesler.
18:17 of 1st period - Shot Blocked by Alex Goligoski.
18:19 of 1st period - Shot by Mikael Samuelsson.
18:19 of 1st period - Shot Misses the Net.
19:54 of 1st period - Icing by Jaroslav Spacek.
19:55 of 1st period - Anze Kopitar wins face-off versus Tyler Ennis in Jets zone.

Period #2

0:01 of 2nd period - Ryan Kesler wins face-off versus Henrik Sedin in neutral zone.
0:42 of 2nd period - Mikael Samuelsson is hit by Mark Giordano and loses puck.
0:45 of 2nd period - Shot by Ryan Kesler.
0:45 of 2nd period - Goal by Ryan Kesler - Jets : 0 - Flames : 1.
0:46 of 2nd period - Anze Kopitar wins face-off versus Andy McDonald in neutral zone.
1:04 of 2nd period - Icing by Toni Lydman.
1:05 of 2nd period - Anze Kopitar wins face-off versus Martin Hanzal in Flames zone.
1:32 of 2nd period - Shot by Nathan Gerbe.
1:32 of 2nd period - Stopped by Tim Thomas without a rebound.
1:33 of 2nd period - Shawn Horcoff wins face-off versus Andy McDonald in Flames zone.
1:50 of 2nd period - Shot by Andy McDonald.
1:50 of 2nd period - Stopped by Tim Thomas without a rebound.
1:51 of 2nd period - Ryan Kesler wins face-off versus Henrik Sedin in Flames zone.
2:03 of 2nd period - Niklas Kronwall is hit by Mark Giordano and loses puck.
2:43 of 2nd period - Icing by Ryan Kesler.
2:44 of 2nd period - Ryan Kesler wins face-off versus Martin Hanzal in Flames zone.
3:02 of 2nd period - Shot by Michael Grabner.
3:02 of 2nd period - Stopped by Ilya Bryzgalov without a rebound.
3:03 of 2nd period - Shawn Horcoff wins face-off versus Andy McDonald in Jets zone.
3:36 of 2nd period - Clarke MacArthur is hit by John-Michael Liles and loses puck.
3:45 of 2nd period - Shot by Martin Erat.
3:45 of 2nd period - Stopped by Tim Thomas without a rebound.
3:46 of 2nd period - Martin Hanzal wins face-off versus Michael Grabner in Flames zone.
4:28 of 2nd period - Shot by Anze Kopitar.
4:28 of 2nd period - Shot Blocked by Nick Schultz.
4:30 of 2nd period - Shot by Anze Kopitar.
4:30 of 2nd period - Stopped by Ilya Bryzgalov with a rebound.
5:10 of 2nd period - Shot by Henrik Sedin.
5:10 of 2nd period - Deflect By Daniel Sedin.
5:10 of 2nd period - Goal by Daniel Sedin - Jets : 1 - Flames : 1.
5:11 of 2nd period - Shawn Horcoff wins face-off versus Andy McDonald in neutral zone.
5:50 of 2nd period - Andy McDonald is hit by David Jones and loses puck.
6:04 of 2nd period - Dan Hamhuis is hit by Cam Fowler and loses puck.
6:16 of 2nd period - Michael Grabner is hit by Alex Goligoski and loses puck.
6:50 of 2nd period - Henrik Sedin is hit by Brenden Morrow and loses puck.
7:10 of 2nd period - Daniel Sedin is hit by Dan Boyle and loses puck.
7:12 of 2nd period - Minor Penalty to Niklas Kronwall for Slashing.
7:13 of 2nd period - Ryan Kesler wins face-off versus Henrik Sedin in Flames zone.
7:21 of 2nd period - Icing by Nick Schultz.
7:22 of 2nd period - Henrik Sedin wins face-off versus Anze Kopitar in Jets zone.
8:57 of 2nd period - Shot by Alex Goligoski.
8:57 of 2nd period - Shot Misses the Net.
9:23 of 2nd period - Jaroslav Spacek is hit by David Jones.
9:26 of 2nd period - Icing by Nathan Gerbe.
9:27 of 2nd period - Martin Hanzal wins face-off versus Anze Kopitar in Jets zone.
9:27 of 2nd period - Martin Hanzal is hit by Anze Kopitar.
9:34 of 2nd period - Icing by Nick Schultz.
9:35 of 2nd period - Shawn Horcoff wins face-off versus Martin Hanzal in Jets zone.
9:39 of 2nd period - Icing by Nathan Gerbe.
9:40 of 2nd period - Shawn Horcoff wins face-off versus Martin Hanzal in Jets zone.
10:51 of 2nd period - David Jones is hit by Erik Cole and loses puck.
11:02 of 2nd period - Shot by Erik Cole.
11:02 of 2nd period - Stopped by Tim Thomas with a rebound.
11:06 of 2nd period - Shot by Daniel Sedin.
11:06 of 2nd period - Shot Misses the Net.
11:10 of 2nd period - Shot by Henrik Sedin.
11:10 of 2nd period - Stopped by Tim Thomas without a rebound.
11:11 of 2nd period - Andy McDonald wins face-off versus Ryan Kesler in Flames zone.
11:52 of 2nd period - Minor Penalty to Nathan Gerbe for Holding.
11:53 of 2nd period - Anze Kopitar wins face-off versus Andy McDonald in Jets zone.
11:54 of 2nd period - Shot by Dan Boyle.
11:54 of 2nd period - Deflect By Anze Kopitar.
11:54 of 2nd period - Shot Misses the Net.
11:56 of 2nd period - Shot by Niklas Kronwall.
11:56 of 2nd period - Stopped by Ilya Bryzgalov with a rebound.
11:58 of 2nd period - Shot by Anze Kopitar.
11:58 of 2nd period - Shot Blocked by Andy McDonald.
12:02 of 2nd period - Shot by Anze Kopitar.
12:02 of 2nd period - Stopped by Ilya Bryzgalov with a rebound.
12:06 of 2nd period - Shot by Michael Grabner.
12:06 of 2nd period - Deflect By Dustin Brown.
12:06 of 2nd period - Stopped by Ilya Bryzgalov without a rebound.
12:07 of 2nd period - Anze Kopitar wins face-off versus Henrik Sedin in Jets zone.
12:20 of 2nd period - Toni Lydman is hit by Nick Schultz and loses puck.
12:21 of 2nd period - Minor Penalty to Victor Hedman for Cross-checking.
12:22 of 2nd period - Anze Kopitar wins face-off versus Martin Hanzal in Jets zone.
12:39 of 2nd period - Icing by Dustin Brown.
12:40 of 2nd period - Anze Kopitar wins face-off versus Henrik Sedin in Flames zone.
13:17 of 2nd period - Shot by John-Michael Liles.
13:17 of 2nd period - Stopped by Ilya Bryzgalov with a rebound.
13:19 of 2nd period - Shot by Robyn Regehr.
13:19 of 2nd period - Stopped by Ilya Bryzgalov without a rebound.
13:20 of 2nd period - Ryan Kesler wins face-off versus Henrik Sedin in Jets zone.
13:31 of 2nd period - Shot by Ryan Kesler.
13:31 of 2nd period - Shot Misses the Net.
13:33 of 2nd period - Shot by John-Michael Liles.
13:33 of 2nd period - Stopped by Ilya Bryzgalov without a rebound.
13:34 of 2nd period - Henrik Sedin wins face-off versus Anze Kopitar in Jets zone.
14:33 of 2nd period - Icing by Brenden Morrow.
14:34 of 2nd period - Ryan Kesler wins face-off versus Evan Brophey in Flames zone.
15:03 of 2nd period - John-Michael Liles is hit by Evan Brophey and loses puck.
15:38 of 2nd period - Shot by Henrik Sedin.
15:38 of 2nd period - Stopped by Tim Thomas with a rebound.
15:42 of 2nd period - Shot by Daniel Sedin.
15:42 of 2nd period - Shot Misses the Net.
15:44 of 2nd period - Shot by Victor Hedman.
15:44 of 2nd period - Stopped by Tim Thomas without a rebound.
15:45 of 2nd period - Anze Kopitar wins face-off versus Martin Hanzal in Flames zone.
16:14 of 2nd period - Shot by Tyler Ennis.
16:14 of 2nd period - Stopped by Tim Thomas without a rebound.
16:15 of 2nd period - Ryan Kesler wins face-off versus Andy McDonald in Flames zone.
16:15 of 2nd period - Ryan Kesler is hit by Martin Erat.
16:33 of 2nd period - Shot by Andy McDonald.
16:33 of 2nd period - Deflect By Clarke MacArthur.
16:33 of 2nd period - Stopped by Tim Thomas without a rebound.
16:34 of 2nd period - Anze Kopitar wins face-off versus Henrik Sedin in Flames zone.
16:53 of 2nd period - Shot by Daniel Sedin.
16:53 of 2nd period - Shot Misses the Net.
18:00 of 2nd period - Shot by Brenden Morrow.
18:00 of 2nd period - Stopped by Ilya Bryzgalov without a rebound.
18:01 of 2nd period - Shawn Horcoff wins face-off versus Martin Erat in Jets zone.
18:30 of 2nd period - David Jones is hit by Clarke MacArthur and loses puck.
19:30 of 2nd period - Shot by Daniel Sedin.
19:30 of 2nd period - Shot Misses the Net.
19:34 of 2nd period - Shot by Henrik Sedin.
19:34 of 2nd period - Shot Misses the Net.
19:51 of 2nd period - Minor Penalty to Nick Schultz for Interference.
19:52 of 2nd period - Anze Kopitar wins face-off versus Andy McDonald in Jets zone.

Period #3

0:01 of 3rd period - Henrik Sedin wins face-off versus Dustin Brown in neutral zone.
0:32 of 3rd period - Shot by Dan Boyle.
0:32 of 3rd period - Shot Misses the Net.
1:08 of 3rd period - Ryan Kesler is hit by Jaroslav Spacek and loses puck.
1:50 of 3rd period - Icing by Niklas Kronwall.
1:51 of 3rd period - Anze Kopitar wins face-off versus Evan Brophey in Flames zone.
2:02 of 3rd period - Shot by Dustin Brown.
2:02 of 3rd period - Shot Misses the Net.
2:06 of 3rd period - Shot by Michael Grabner.
2:06 of 3rd period - Shot Misses the Net.
2:08 of 3rd period - Shot by Dan Hamhuis.
2:08 of 3rd period - Shot Misses the Net.
2:54 of 3rd period - Shot by Andrew MacDonald.
2:54 of 3rd period - Stopped by Ilya Bryzgalov without a rebound.
2:55 of 3rd period - Ryan Kesler wins face-off versus Henrik Sedin in Jets zone.
3:04 of 3rd period - Shot by Ryan Kesler.
3:04 of 3rd period - Shot Misses the Net.
3:19 of 3rd period - Ryan Kesler is hit by Mark Giordano and loses puck.
3:30 of 3rd period - Shot by Ryan Kesler.
3:30 of 3rd period - Stopped by Ilya Bryzgalov without a rebound.
3:31 of 3rd period - Martin Hanzal wins face-off versus Shawn Horcoff in Jets zone.
3:31 of 3rd period - Martin Hanzal is hit by Pierre-Marc Bouchard.
4:27 of 3rd period - Shot by Brenden Morrow.
4:27 of 3rd period - Stopped by Ilya Bryzgalov without a rebound.
4:28 of 3rd period - Andy McDonald wins face-off versus Anze Kopitar in Jets zone.
4:41 of 3rd period - Off-side.
4:42 of 3rd period - Ryan Kesler wins face-off versus Daniel Sedin in neutral zone.
4:55 of 3rd period - Shot by Brenden Morrow.
4:55 of 3rd period - Stopped by Ilya Bryzgalov without a rebound.
4:56 of 3rd period - Anze Kopitar wins face-off versus Andy McDonald in Jets zone.
5:00 of 3rd period - Icing by Alex Goligoski.
5:01 of 3rd period - Andy McDonald wins face-off versus Anze Kopitar in Jets zone.
5:01 of 3rd period - Andy McDonald is hit by Dustin Brown.
5:29 of 3rd period - Shot by Dan Hamhuis.
5:29 of 3rd period - Shot Misses the Net.
6:10 of 3rd period - Shot by Daniel Sedin.
6:10 of 3rd period - Shot Blocked by Dan Boyle.
6:27 of 3rd period - Icing by Victor Hedman.
6:28 of 3rd period - Henrik Sedin wins face-off versus Shawn Horcoff in Jets zone.
6:34 of 3rd period - Icing by Mark Giordano.
6:35 of 3rd period - Shawn Horcoff wins face-off versus Henrik Sedin in Jets zone.
6:44 of 3rd period - Shot by Daniel Sedin.
6:44 of 3rd period - Stopped by Tim Thomas without a rebound.
6:45 of 3rd period - Shawn Horcoff wins face-off versus Martin Hanzal in Flames zone.
6:59 of 3rd period - Off-side.
7:00 of 3rd period - Ryan Kesler wins face-off versus Evan Brophey in neutral zone.
7:19 of 3rd period - Mikael Samuelsson is hit by Dainius Zubrus and loses puck.
7:33 of 3rd period - Minor Penalty to Cam Fowler for Hooking.
7:34 of 3rd period - Anze Kopitar wins face-off versus Andy McDonald in Jets zone.
7:34 of 3rd period - Anze Kopitar is hit by Jaroslav Spacek.
7:45 of 3rd period - Shot by Dustin Brown.
7:45 of 3rd period - Shot Blocked by Jaroslav Spacek.
8:02 of 3rd period - Icing by Dustin Brown.
8:03 of 3rd period - Andy McDonald wins face-off versus Anze Kopitar in Flames zone.
8:49 of 3rd period - Shot by Brenden Morrow.
8:49 of 3rd period - Stopped by Ilya Bryzgalov without a rebound.
8:50 of 3rd period - Andy McDonald wins face-off versus Ryan Kesler in Jets zone.
9:51 of 3rd period - Michael Grabner is hit by Cam Fowler and loses puck.
9:54 of 3rd period - Shot by Dustin Brown.
9:54 of 3rd period - Shot Misses the Net.
9:59 of 3rd period - Icing by Alex Goligoski.
10:00 of 3rd period - Pierre-Marc Bouchard wins face-off versus Evan Brophey in Jets zone.
10:35 of 3rd period - Shot by Martin Hanzal.
10:35 of 3rd period - Shot Misses the Net.
10:53 of 3rd period - Shot by Tyler Ennis.
10:53 of 3rd period - Stopped by Tim Thomas without a rebound.
10:54 of 3rd period - Ryan Kesler wins face-off versus Henrik Sedin in Flames zone.
10:59 of 3rd period - Mark Giordano is hit by Brenden Morrow and loses puck.
11:24 of 3rd period - Icing by Dan Boyle.
11:25 of 3rd period - Andy McDonald wins face-off versus Ryan Kesler in Flames zone.
11:50 of 3rd period - Andy McDonald is hit by Dustin Brown and loses puck.
12:03 of 3rd period - Shot by Martin Erat.
12:03 of 3rd period - Shot Misses the Net.
12:06 of 3rd period - Icing by Michael Grabner.
12:07 of 3rd period - Martin Hanzal wins face-off versus Anze Kopitar in Flames zone.
12:12 of 3rd period - Shot by Tyler Ennis.
12:12 of 3rd period - Shot Misses the Net.
13:41 of 3rd period - Icing by John-Michael Liles.
13:42 of 3rd period - Shawn Horcoff wins face-off versus Andy McDonald in Flames zone.
13:42 of 3rd period - Shawn Horcoff is hit by Martin Erat.
13:45 of 3rd period - Icing by John-Michael Liles.
13:46 of 3rd period - Shawn Horcoff wins face-off versus Andy McDonald in Flames zone.
14:08 of 3rd period - Shot by Clarke MacArthur.
14:08 of 3rd period - Stopped by Tim Thomas without a rebound.
14:09 of 3rd period - Ryan Kesler wins face-off versus Martin Hanzal in Flames zone.
14:09 of 3rd period - Ryan Kesler is hit by Martin Hanzal.
14:10 of 3rd period - Minor Penalty to Martin Hanzal for Holding.
14:11 of 3rd period - Anze Kopitar wins face-off versus Andy McDonald in Jets zone.
14:42 of 3rd period - Mark Giordano is hit by Dustin Brown.
14:52 of 3rd period - Shot by Niklas Kronwall.
14:52 of 3rd period - Shot Misses the Net.
15:14 of 3rd period - Shot by Ryan Kesler.
15:14 of 3rd period - Shot Blocked by Jaroslav Spacek.
15:16 of 3rd period - Shot by Toni Lydman.
15:16 of 3rd period - Stopped by Ilya Bryzgalov without a rebound.
15:17 of 3rd period - Henrik Sedin wins face-off versus Ryan Kesler in Jets zone.
17:20 of 3rd period - Shot by Henrik Sedin.
17:20 of 3rd period - Shot Misses the Net.
17:22 of 3rd period - Shot by Henrik Sedin.
17:22 of 3rd period - Shot Misses the Net.
17:24 of 3rd period - Shot by Mark Giordano.
17:24 of 3rd period - Stopped by Tim Thomas without a rebound.
17:25 of 3rd period - Martin Hanzal wins face-off versus Ryan Kesler in Flames zone.
17:25 of 3rd period - Martin Hanzal is hit by Dan Boyle.
17:36 of 3rd period - Icing by Niklas Kronwall.
17:37 of 3rd period - Ryan Kesler wins face-off versus Dainius Zubrus in Flames zone.
17:37 of 3rd period - Ryan Kesler is hit by Dainius Zubrus.
18:20 of 3rd period - Shot by Martin Hanzal.
18:20 of 3rd period - Stopped by Tim Thomas without a rebound.
18:21 of 3rd period - Michael Grabner wins face-off versus Henrik Sedin in Flames zone.
18:28 of 3rd period - Shot by Michael Grabner.
18:28 of 3rd period - Deflect By Dustin Brown.
18:28 of 3rd period - Shot Misses the Net.
18:30 of 3rd period - Shot by Toni Lydman.
18:30 of 3rd period - Stopped by Ilya Bryzgalov without a rebound.
18:31 of 3rd period - Anze Kopitar wins face-off versus Martin Hanzal in Jets zone.
18:31 of 3rd period - Devin Setoguchi is hit by Jaroslav Spacek and loses puck.
18:37 of 3rd period - Minor Penalty to Jaroslav Spacek for High sticking.
18:38 of 3rd period - Andy McDonald wins face-off versus Ryan Kesler in Jets zone.
18:38 of 3rd period - Daniel Sedin is hit by Ryan Kesler and loses puck.
18:51 of 3rd period - Shot by John-Michael Liles.
18:51 of 3rd period - Stopped by Ilya Bryzgalov without a rebound.
18:52 of 3rd period - Ryan Kesler wins face-off versus Henrik Sedin in Jets zone.
19:07 of 3rd period - Shot by David Jones.
19:07 of 3rd period - Stopped by Ilya Bryzgalov without a rebound.
19:08 of 3rd period - Anze Kopitar wins face-off versus Andy McDonald in Jets zone.
19:47 of 3rd period - Victor Hedman is hit by Brenden Morrow and loses puck.

Overtime #1

0:01 of 1st overtime period - Henrik Sedin wins face-off versus Anze Kopitar in neutral zone.
0:28 of 1st overtime period - Shot by Anze Kopitar.
0:28 of 1st overtime period - Stopped by Ilya Bryzgalov with a rebound.
0:30 of 1st overtime period - Shot by Anze Kopitar.
0:30 of 1st overtime period - Stopped by Ilya Bryzgalov without a rebound.
0:31 of 1st overtime period - Ryan Kesler wins face-off versus Henrik Sedin in Jets zone.
0:34 of 1st overtime period - Shot by Andrew MacDonald.
0:34 of 1st overtime period - Shot Blocked by Alex Goligoski.
0:36 of 1st overtime period - Shot by Brenden Morrow.
0:36 of 1st overtime period - Shot Misses the Net.
1:33 of 1st overtime period - Icing by Mark Giordano.
1:34 of 1st overtime period - Ryan Kesler wins face-off versus Henrik Sedin in Jets zone.
1:39 of 1st overtime period - Shot by Brenden Morrow.
1:39 of 1st overtime period - Shot Misses the Net.
1:43 of 1st overtime period - Shot by Mikael Samuelsson.
1:43 of 1st overtime period - Shot Blocked by Henrik Sedin.
1:45 of 1st overtime period - Shot by Dan Boyle.
1:45 of 1st overtime period - Shot Blocked by Erik Cole.
1:47 of 1st overtime period - Shot by Mikael Samuelsson.
1:47 of 1st overtime period - Deflect By Ryan Kesler.
1:47 of 1st overtime period - Shot Misses the Net.
1:49 of 1st overtime period - Shot by Ryan Kesler.
1:49 of 1st overtime period - Stopped by Ilya Bryzgalov without a rebound.
1:50 of 1st overtime period - Martin Hanzal wins face-off versus Michael Grabner in Jets zone.
1:50 of 1st overtime period - Minor Penalty to Dustin Brown for Hooking.
1:51 of 1st overtime period - Andy McDonald wins face-off versus Tomas Kopecky in Flames zone.
3:12 of 1st overtime period - Daniel Sedin is hit by Tomas Kopecky and loses puck.
3:20 of 1st overtime period - Dan Boyle is hit by Erik Cole and loses puck.
3:41 of 1st overtime period - Shot by Andy McDonald.
3:41 of 1st overtime period - Shot Misses the Net.
3:43 of 1st overtime period - Shot by Andy McDonald.
3:43 of 1st overtime period - Stopped by Tim Thomas without a rebound.
3:44 of 1st overtime period - Andy McDonald wins face-off versus Ryan Kesler in Flames zone.
3:47 of 1st overtime period - Shot by Martin Erat.
3:47 of 1st overtime period - Shot Blocked by Dan Hamhuis.
3:49 of 1st overtime period - Shot by Andy McDonald.
3:49 of 1st overtime period - Stopped by Tim Thomas without a rebound.
3:50 of 1st overtime period - Shawn Horcoff wins face-off versus Martin Hanzal in Flames zone.
4:12 of 1st overtime period - Off-side.
4:13 of 1st overtime period - Evan Brophey wins face-off versus Anze Kopitar in neutral zone.
4:34 of 1st overtime period - Shot by Dustin Brown.
4:34 of 1st overtime period - Stopped by Ilya Bryzgalov without a rebound.
4:35 of 1st overtime period - Ryan Kesler wins face-off versus Henrik Sedin in Jets zone.
4:49 of 1st overtime period - Shot by Ryan Kesler.
4:49 of 1st overtime period - Shot Blocked by Mark Giordano.
4:53 of 1st overtime period - Shot by Ryan Kesler.
4:53 of 1st overtime period - Shot Misses the Net.
4:55 of 1st overtime period - Shot by Ryan Kesler.
4:55 of 1st overtime period - Stopped by Ilya Bryzgalov without a rebound.
4:56 of 1st overtime period - Shawn Horcoff wins face-off versus Martin Hanzal in Jets zone.
4:57 of 1st overtime period - Shot by David Jones.
4:57 of 1st overtime period - Stopped by Ilya Bryzgalov without a rebound.
4:58 of 1st overtime period - Shawn Horcoff wins face-off versus Martin Hanzal in Jets zone.
5:23 of 1st overtime period - Shot by Nathan Gerbe.
5:23 of 1st overtime period - Stopped by Tim Thomas with a rebound.
5:25 of 1st overtime period - Shot by Martin Hanzal.
5:25 of 1st overtime period - Deflect By Tyler Ennis.
5:25 of 1st overtime period - Shot Misses the Net.
5:48 of 1st overtime period - John-Michael Liles is hit by Mark Giordano.
6:14 of 1st overtime period - Shot by Daniel Sedin.
6:14 of 1st overtime period - Stopped by Tim Thomas with a rebound.
6:25 of 1st overtime period - Mikael Samuelsson is hit by Mark Giordano and loses puck.
7:01 of 1st overtime period - Shot by Clarke MacArthur.
7:01 of 1st overtime period - Stopped by Tim Thomas with a rebound.
7:05 of 1st overtime period - Shot by Martin Erat.
7:05 of 1st overtime period - Stopped by Tim Thomas without a rebound.
7:06 of 1st overtime period - Anze Kopitar wins face-off versus Evan Brophey in Flames zone.
8:16 of 1st overtime period - Shot by Nathan Gerbe.
8:16 of 1st overtime period - Deflect By Tyler Ennis.
8:16 of 1st overtime period - Shot Blocked by John-Michael Liles.
8:57 of 1st overtime period - Off-side.
8:58 of 1st overtime period - Henrik Sedin wins face-off versus Anze Kopitar in neutral zone.
9:23 of 1st overtime period - Shot by Henrik Sedin.
9:23 of 1st overtime period - Stopped by Tim Thomas without a rebound.
9:24 of 1st overtime period - Andy McDonald wins face-off versus Ryan Kesler in Flames zone.
9:24 of 1st overtime period - Martin Erat is hit by Dan Boyle and loses puck.
9:47 of 1st overtime period - Shot by Martin Erat.
9:47 of 1st overtime period - Stopped by Tim Thomas without a rebound.
9:48 of 1st overtime period - Martin Hanzal wins face-off versus Shawn Horcoff in Flames zone.
10:56 of 1st overtime period - Henrik Sedin is hit by Andrew MacDonald and loses puck.
11:12 of 1st overtime period - Minor Penalty to John-Michael Liles for Hooking.
11:13 of 1st overtime period - Ryan Kesler wins face-off versus Andy McDonald in Flames zone.
11:37 of 1st overtime period - Icing by Mark Giordano.
11:38 of 1st overtime period - Andy McDonald wins face-off versus Ryan Kesler in Jets zone.
12:19 of 1st overtime period - Dan Hamhuis is hit by Andy McDonald and loses puck.
12:43 of 1st overtime period - Shot by Henrik Sedin.
12:43 of 1st overtime period - Stopped by Tim Thomas with a rebound.
13:28 of 1st overtime period - Icing by Toni Lydman.
13:29 of 1st overtime period - Evan Brophey wins face-off versus Ryan Kesler in Flames zone.
13:29 of 1st overtime period - Evan Brophey is hit by Toni Lydman.
13:31 of 1st overtime period - Shot by Cam Fowler.
13:31 of 1st overtime period - Shot Misses the Net.
13:33 of 1st overtime period - Shot by Cam Fowler.
13:33 of 1st overtime period - Stopped by Tim Thomas without a rebound.
13:34 of 1st overtime period - Martin Hanzal wins face-off versus Anze Kopitar in Flames zone.
14:12 of 1st overtime period - Icing by Jaroslav Spacek.
14:13 of 1st overtime period - Martin Hanzal wins face-off versus Shawn Horcoff in Jets zone.
15:43 of 1st overtime period - Mikael Samuelsson and Mark Giordano fight to a draw.
15:43 of 1st overtime period - Penalty to Mikael Samuelsson for Fighting.
15:43 of 1st overtime period - Penalty to Mark Giordano for Fighting.
15:43 of 1st overtime period - Brenden Morrow and Erik Cole fight to a draw.
15:43 of 1st overtime period - Penalty to Brenden Morrow for Fighting.
15:43 of 1st overtime period - Penalty to Erik Cole for Fighting.
15:43 of 1st overtime period - Victor Hedman beats up Niklas Kronwall.
15:43 of 1st overtime period - Penalty to Niklas Kronwall for Fighting.
15:43 of 1st overtime period - Penalty to Victor Hedman for Fighting.
15:43 of 1st overtime period - Minor Penalty to Ryan Kesler for Roughing.
15:43 of 1st overtime period - Minor Penalty to Daniel Sedin for High sticking.
15:43 of 1st overtime period - Minor Penalty to Dan Boyle for Hooking.
15:44 of 1st overtime period - Devin Setoguchi wins face-off versus Henrik Sedin in Flames zone.
16:35 of 1st overtime period - Icing by Nathan Gerbe.
16:36 of 1st overtime period - Devin Setoguchi wins face-off versus Tyler Ennis in Jets zone.
16:36 of 1st overtime period - Toni Lydman is hit by Blake Comeau and loses puck.
17:28 of 1st overtime period - Shot by Henrik Sedin.
17:28 of 1st overtime period - Shot Blocked by Dan Hamhuis.
17:30 of 1st overtime period - Shot by Alex Goligoski.
17:30 of 1st overtime period - Shot Misses the Net.
17:34 of 1st overtime period - Shot by Cam Fowler.
17:34 of 1st overtime period - Shot Blocked by Toni Lydman.
17:36 of 1st overtime period - Shot by Clarke MacArthur.
17:36 of 1st overtime period - Shot Misses the Net.
17:40 of 1st overtime period - Shot by Henrik Sedin.
17:40 of 1st overtime period - Stopped by Tim Thomas without a rebound.
17:41 of 1st overtime period - Andy McDonald wins face-off versus Anze Kopitar in Flames zone.
17:44 of 1st overtime period - Shot by Daniel Sedin.
17:44 of 1st overtime period - Goal by Daniel Sedin - Jets : 2 - Flames : 1.


Output by the SimonT Hockey Simulator (STHS) for Stephane Roy -- Original Page W3C XHTML 1.0 Valid